AoeStats
← Springles

MegaRandom

509266832Analyzed
2v2 RM · 5d ago on Sep 26, 2026· 36m 41s· 4 players
Game mode
Random Map
Map size
Medium (4 player)
Population
200
Speed
Normal
Resources
Standard
Victory
Conquest
Starting age
Dark Age
Ending age
Imperial Age
RankedLock teamsTeams togetherTeam positionsShared explorationLock speedFull tech treeHidden civsTurbo modeCheats
Victory
Defeat
🇦🇷 Maya · Argentina
1671
+3
🇦🇷 Mongols · Argentina
1645
+4
🇺🇸 Celts · United States
1334
-4
🇺🇸 Vikings · United States
1277
-3
Springles
8:52 Feudal Age
10:54 Loom
13:38 Castle Age
12:00 Double-Bit Axe
12:00 Horse Collar
13:08 Fletching
14:22 Bodkin Arrow
17:07 Padded Archer Armor
19:14 Ballistics
20:18 Stone Mining
20:18 Gold Mining
22:09 Leather Archer Armor
22:56 Crossbowman
24:27 Wheelbarrow
28:29 Imperial Age
26:27 Scale Barding Armor
26:33 Forging
26:27 Light Cavalry
27:08 Husbandry
27:56 Bloodlines
28:16 Heavy Plow
29:03 Chain Barding Armor
29:39 Conscription
29:08 Capped Ram
29:13 Elite Steppe Lancer
29:22 Capped Ram
31:20 Iron Casting
31:36 Siege Ram
33:11 Drill
34:49 Bow Saw
37:13 Blast Furnace
BTJ | ThC_Lobo
0:30 Loom
9:30 Feudal Age
10:02 Double-Bit Axe
14:42 Town Watch
17:00 Castle Age
15:20 Gold Mining
15:21 Horse Collar
17:14 Crossbowman
18:25 Bow Saw
19:46 Wheelbarrow
21:05 Fletching
24:20 Imperial Age
22:13 Hand Cart
22:17 Bodkin Arrow
23:08 Ballistics
23:30 Thumb Ring
23:29 Heavy Plow
24:22 Town Watch
24:30 Arbalester
25:26 Bracer
27:07 Chemistry
26:48 Capped Ram
29:33 Scale Mail Armor
28:55 Eagle Warrior
29:37 Squires
29:59 Stone Mining
31:17 Chain Mail Armor
32:42 Plate Mail Armor
31:37 Elite Eagle Warrior
34:24 Forging
35:48 Conscription
36:37 Holcans
CHKNDUCK
1:42 Loom
12:17 Feudal Age
12:41 Horse Collar
12:51 Double-Bit Axe
12:28 Man-at-Arms
12:53 Arson
13:56 Wheelbarrow
13:07 Town Watch
14:58 Forging
14:49 Scale Mail Armor
18:22 Castle Age
17:31 Padded Archer Armor
17:21 Fletching
19:49 Elite Skirmisher
21:23 Bodkin Arrow
25:39 Guard Tower
27:05 Murder Holes
27:32 Ballistics
31:39 Leather Archer Armor
32:05 Heavy Plow
32:23 Bow Saw
32:36 Stronghold
34:54 Chain Mail Armor
Draconian946
1:27 Loom
9:51 Feudal Age
10:16 Double-Bit Axe
16:03 Castle Age
14:02 Stone Mining
13:56 Horse Collar
15:48 Gold Mining
16:16 Fletching
16:26 Padded Archer Armor
16:33 Elite Skirmisher
18:56 Bow Saw
19:59 Ballistics
21:07 Bodkin Arrow
22:46 Leather Archer Armor
23:55 Gold Shaft Mining
23:43 Heavy Plow
27:01 Imperial Age
25:11 Scale Mail Armor
25:26 Town Watch
28:39 Bracer
29:10 Ring Archer Armor
29:32 Conscription
31:17 Chemistry
32:00 Town Patrol
32:28 Chain Mail Armor
32:24 Forging
Connection lost

Rejoining the realm…

Still unreachable

The connection could not be restored.

Session expired

The server has moved on; the page needs a fresh start.